 Dungeon Crawl Stone Soup version 0.17-a0-1181-gabc46e6 (webtiles) character file.

453 Oper80 the Firebug (level 6, -1/41 HPs)
             Began as a Demonspawn Fire Elementalist on May 31, 2015.
             Slain by Ofapnutti the merfolk
             ... wielding a +1 trident of protection
             ... created by the player character
              (18 damage)
             ... on level 3 of the Dungeon.
             The game lasted 00:24:12 (5347 turns).

Oper80 the Firebug (Demonspawn Fire Elementalist)   Turns: 5347, Time: 00:24:13

Health: -1/41      AC:  4    Str:  8    XL:     6   Next: 75%
Magic:  9/11       EV: 13    Int: 18    God:
Gold:   167        SH:  0    Dex: 14    Spells: 3 memorised, 6 levels left

rFire  . . .     SeeInvis .     w - +1 dagger (speed)
rCold  . . .     Clarity  .     q - +0 robe (curse)
rNeg   . . .     SustAt   .     (no shield)
rPois  .         Gourm    +     (no helmet)
rElec  .         Spirit   .     (no cloak)
rCorr  .         Warding  .     (no gloves)
rMut   .         Stasis   .     (no boots)
MR     +....                    d - amulet of the gourmand
Stlth  ++........               (no ring)
                                y - ring of protection from magic

@: somewhat resistant to hostile enchantments, unstealthy
A: hooves 2, slimy green scales 1, powered by death 2
a: no special abilities


You were on level 3 of the Dungeon.
You were not hungry.

You visited 1 branch of the dungeon, and saw 4 of its levels.

You collected 167 gold pieces.

Inventory:

Hand weapons
 f - a +0 short sword
 g - a +0 dagger
 w - a +1 dagger of speed (weapon)
Armour
 a - a +0 robe
 q - a cursed +0 robe (worn)
Jewellery
 d - an amulet of the gourmand (around neck)
 y - a ring of protection from magic (left hand)
Magical devices
 t - a wand of disintegration (18)
Scrolls
 e - a scroll of remove curse
 i - 2 scrolls of identify {unknown}
 o - 2 scrolls of noise {unknown}
 p - 3 scrolls of recharging {unknown}
 r - a scroll of fog
 s - a scroll of enchant weapon {unknown}
 u - 2 scrolls of teleportation {unknown}
Potions
 j - a potion of poison {unknown}
 k - a potion of cancellation {unknown}
 l - 2 potions of brilliance {unknown}
 m - a potion of curing
 n - a potion of flight {unknown}
 v - a potion of might {unknown}
Books
 b - a book of Flames

   Spells                             Type                      Level
   a - Flame Tongue                   Conjuration/Fire             1
   b - Throw Flame                    Conjuration/Fire             2
   c - Conjure Flame                  Conjuration/Fire             3
   d - Inner Flame                    Hexes/Fire                   3
   e - Sticky Flame                   Conjuration/Fire             4
   f - Fireball                       Conjuration/Fire             5
 x - a book of the Dragon

   Spells                             Type                      Level
   a - Flame Tongue                   Conjuration/Fire             1
   b - Cause Fear                     Hexes                        4
   c - Bolt of Fire                   Conjuration/Fire             6
   d - Dragon Form                    Transmutation                7
   e - Dragon's Call                  Summoning                    9
Comestibles
 c - 4 bread rations
 h - 3 meat rations


   Skills:
 + Level 2.8 Dodging
 - Level 2.9 Stealth
 * Level 3.8 Spellcasting
 * Level 3.7 Conjurations
 * Level 4.0 Fire Magic


You had 6 spell levels left.
You knew the following spells:

 Your Spells              Type           Power        Failure   Level  Hunger
a - Flame Tongue          Conj/Fire      ###..        3%          1    None
b - Throw Flame           Conj/Fire      ###...       6%          2    ##.....
c - Conjure Flame         Conj/Fire      ###.....     12%         3    ###....


Dungeon Overview and Level Annotations

Branches:
Dungeon (4/15)
 Temple: D:4-7

Altars:
Fedhas
Nemelex Xobeh


Innate Abilities, Weirdness & Mutations

You have hoof-like feet.
You are partially covered in slimy green scales (AC +2).
You can steal the life force of defeated enemies.


Message History

Confirm with . or Enter, or press ? or * to list all spells.
Aiming: Conjure Flame
Press: ? - help, Dir - move target cursor The fire roars!
Ofapnutti hits you from afar with a trident of protection.
Casting: Conjure Flame
Confirm with . or Enter, or press ? or * to list all spells.
Aiming: Conjure Flame
Press: ? - help, Dir - move target cursor The fire roars!
Ofapnutti hits you from afar with a trident of protection!!
Ouch! That really hurt!
Ofapnutti is engulfed in roaring flames.
There is an open door here.
A bat comes into view.
The bat moves out of view.
There is an open door here.
You open the door.
Ofapnutti hits you from afar with a trident of protection!!
You die...

####+#.......# #.........##
#.....##...### ###'########
#.....##...# #.# # #.....##...#
#.# # #.....##...#########.# #
#)....#....#.........# #
#####)....'....+.........# #
..†.......#...##........#########
...............'@.m.....)[.......
........########........#########
.....†..# #........# ........#
#........#
........########........# ####
........##..............# #<..
........##.........###### #######
........##)........# #......
.#########.........# #.#####


You could see Ofapnutti the merfolk.

Vanquished Creatures
  A phantom (D:4)
  2 hounds (D:4)
  2 worker ants (D:4)
  An iguana (D:4)
  An orc wizard (D:3)
  4 gnolls (D:3)
  7 adders
  An ooze (D:3)
  2 worms
  5 giant geckos
  4 orcs
  5 giant cockroaches
  15 goblins
  11 hobgoblins
  9 jackals
  3 quokkas
  3 ball pythons (D:1)
  13 bats
  4 giant newts
  9 kobolds
  5 rats
107 creatures vanquished.

Vanquished Creatures (others)
  A giant newt (D:4)
  A goblin (D:4)
2 creatures vanquished.

Grand Total: 109 creatures vanquished

Notes
Turn   | Place    | Note
--------------------------------------------------------------
     0 | D:1      | Oper80 the Demonspawn Fire Elementalist began the quest for the Orb.
     0 | D:1      | Reached XP level 1. HP: 13/13 MP: 3/3
   383 | D:1      | Gained mutation: You have large cloven feet. [demonic ancestry]
   383 | D:1      | Reached XP level 2. HP: 19/19 MP: 1/5
   530 | D:1      | Reached skill level 3 in Fire Magic
   983 | D:1      | Gained mutation: You are partially covered in slimy green scales (AC +2). [demonic ancestry]
   983 | D:1      | Reached XP level 3. HP: 16/24 MP: 1/6
  1153 | D:1      | Learned a level 2 spell: Throw Flame
  1788 | D:3      | Gained mutation: You can steal the life force of nearby defeated enemies. [demonic ancestry]
  1788 | D:3      | Reached XP level 4. HP: 16/30 MP: 0/7
  3060 | D:3      | Gained mutation: You can steal the life force of defeated enemies. [demonic ancestry]
  3060 | D:3      | Reached XP level 5. HP: 30/35 MP: 0/9
  3154 | D:3      | Found a blossoming altar of Fedhas.
  3943 | D:3      | Learned a level 3 spell: Conjure Flame
  4243 | D:4      | Gained mutation: You have hoof-like feet. [demonic ancestry]
  4243 | D:4      | Reached XP level 6. HP: 41/41 MP: 2/11
  4922 | D:4      | Noticed a phantom
  4934 | D:4      | Killed a phantom
  4934 | D:4      | Reached skill level 4 in Fire Magic
  5050 | D:4      | Found a sparkling altar of Nemelex Xobeh.
  5065 | D:4      | Noticed Hilucs
  5228 | D:3      | Noticed Ofapnutti
  5242 | D:2      | XOM: harmless Erth miscast
  5347 | D:3      | Slain by Ofapnutti the merfolk

Vault maps used:
D:1:      dpeg_arrival_shelter
D:2:      st_stairs_10, serial_bayou_lagoon_b
D:3:      overflow_temple_1_default, first_bread, minmay_misc_feat_plants
D:4:      minmay_door_path, nemelex_deck, lemuel_temple_firewalk_marked

Action                   |  1- 3 |  4- 6 || total
-------------------------+-------+-------++-------
Melee: Short sword       |    61 |    63 ||   124
       Dagger            |       |     3 ||     3
 Cast: Flame Tongue      |    64 |    76 ||   140
       Throw Flame       |     4 |    56 ||    60
       Conjure Flame     |       |     4 ||     4
Evoke: Deck              |       |     8 ||     8
  Use: Potion            |     1 |       ||     1
       Scroll            |     1 |     1 ||     2
 Stab: Sleeping          |     2 |       ||     2
  Eat: Chunk             |     3 |    20 ||    23
